 Dungeon Crawl Stone Soup version 0.32-a0-918-g0f22ef8d61 (webtiles) character file.

Game seed: 6507577883062439072

149 Vorhees the Chopper (level 5, -1/67 (69) HPs)
             Began as a Mountain Dwarf Fighter on Apr 10, 2024.
             Succumbed to a kobold's poison
             ... on level 3 of the Dungeon.
             The game lasted 00:02:02 (1892 turns).

Vorhees the Chopper (Mountain Dwarf Fighter)        Turns: 1892, Time: 00:02:03

HP:   -1/67 (69)    AC:  7    Str: 19    XL:     5   Next: 9%
MP:   6/6           EV:  8    Int:  8    God:
Gold: 110           SH:  9    Dex: 11    Spells: 4/4 levels left

rFire   . . .        d - +1 hand axe (heavy)
rCold   . . .        c - +0 buckler
rNeg    . . .        b - +0 scale mail
rPois   .            (no helmet)
rElec   .            (no cloak)
rCorr   .            (no gloves)
SInv    +            (no boots)
Will    .....        j - amulet of reflection Stlth
                     i - ring of see invisible
HPRegen 0.31/turn    (no ring)
MPRegen 0.10/turn

%: reflection
@: berserking (expiring), lethally poisoned (-1 -> -20), lightly drained, very
quick
A: runic magic, artefact enchanting
a: no special abilities


You were on level 3 of the Dungeon.
You visited 1 branch of the dungeon, and saw 3 of its levels.

You collected 110 gold pieces.

Inventory:

Hand Weapons
 a - a +1 war axe
 d - a +1 heavy hand axe (weapon)
Armour
 b - a +0 scale mail (worn)
 c - a +0 buckler (worn)
Jewellery
 i - a ring of see invisible (left hand)
 j - an amulet of reflection (around neck)
Scrolls
 g - a scroll of noise
 k - a scroll of vulnerability
 m - a scroll of teleportation {unknown}
Potions
 e - 2 potions of brilliance
 f - 2 potions of cancellation {unknown}
 h - a potion of berserk rage
 l - a potion of curing {unknown}


   Skills:
 * Level 3.9 Fighting
 * Level 4.4 Axes
 * Level 4.2 Armour
 * Level 3.7 Shields
 * Level 1.7 Invocations


You had 4 spell levels left.
You didn't know any spells.
Your spell library contained the following spells:

 Spells                   Type           Power      Damage    Failure   Level
 Shock                    Conj/Air       0%         1d3       56%         1
 Lesser Beckoning         Tloc           0%         N/A       71%         2
 Maxwell's Portable Pile  Tloc           0%         2d(5-13)  91%         3
 Passwall                 Erth           0%         N/A       91%         3
 Swiftness                Air            0%         N/A       91%         3
 Teleport Other           Tloc           0%         N/A       91%         3
 Airstrike                Air            0%         2d(0-16)  100%        4
 Brom's Barrelling Bould  Conj/Erth      0%         2d3       100%        4
 Lee's Rapid Deconstruct  Erth           0%         3d4*      100%        5
 Malign Gateway           Summ/Tloc      0%         N/A       100%        7


Dungeon Overview and Level Annotations

Branches:
Dungeon (3/15)

Altars:

Annotations:
D:2 1 runed translucent door, Crazy Yiuf


Innate Abilities, Weirdness & Mutations

Your spellcasting is much less encumbered by armour.
You can use scrolls of enchantment on lesser artefacts.


Message History

The kobold hits you with a +0 short sword of venom.
You are more poisoned.
The kobold barely misses you.
You completely miss the kobold.
You feel extremely sick. You block the kobold's attack.
The kobold hits you with a +0 short sword of venom.
You are lethally poisoned!
You are too injured to fight recklessly!
You are too injured to fight recklessly!
You are too injured to fight recklessly!
You are too injured to fight recklessly!
Your unstable footing causes you to fumble your attack.
You feel extremely sick. You block the kobold's attack.
Unknown command.
A red film seems to cover your vision as you go berserk!
You feel yourself moving faster!
You feel mighty!
You feel very sick.
The kobold hits you with a +0 short sword of venom.
* * * LOW HITPOINT WARNING * * *
You are lethally poisoned!
Unknown command.
You miss the kobold.
* * * LOW HITPOINT WARNING * * *
You feel very sick. The kobold hits you but does no damage.
You are more poisoned.
You slash the kobold!
You kill the kobold!
* * * LOW HITPOINT WARNING * * *
You feel very sick.
Unknown command.
You are too berserk!
Unknown command.
Unknown command.
Unknown command.
Unknown command.
Found a scroll labelled ASHROFULAIL.
You die...

####### .....?
....# +###+#####
....# .........#
....#
.........##....#
.........#@....##
.........#~..~..#
.........#~~##~~#
.........~~#.ß~~#
......~~####.~#.#
......~#~~~.~##
######~#..~..#.~
#.'.~.~~#~~
###~'..~._~~~


There were no monsters in sight!

Vanquished Creatures
  A scorpion (D:2)
  Jessica (D:2)
  An adder (D:2)
  2 dart slugs
  4 orcs (D:2)
  4 ball pythons
  6 endoplasms
  3 giant cockroaches (D:2)
  6 goblins
  A hobgoblin (D:2)
  2 quokkas
  2 bats (D:2)
  2 frilled lizards
  6 kobolds
  A rat (D:1)
  A spectral goblin (D:3)
43 creatures vanquished.

Notes
Turn   | Place    | Note
-------+----------+-------------------------------------------
     0 | D:1      | Vorhees the Mountain Dwarf Fighter began the quest for the
                  | Orb.
     0 | D:1      | Reached XP level 1. HP: 19/19 MP: 1/1
   253 | D:1      | Reached XP level 2. HP: 25/26 MP: 2/2
   840 | D:2      | Got Othrowosa's Precepts of the Created Fjord
   988 | D:2      | Reached skill level 1 in Invocations
   988 | D:2      | Reached XP level 3. HP: 20/31 MP: 3/3
  1099 | D:2      | Noticed Jessica
  1099 | D:2      | Noticed a scorpion
  1110 | D:2      | Killed a scorpion
  1111 | D:2      | Reached XP level 4. HP: 40/40 MP: 3/5
  1112 | D:2      | Killed Jessica
  1256 | D:2      | Found a runed translucent door.
  1257 | D:2      | Noticed Crazy Yiuf
  1656 | D:2      | Reached XP level 5. HP: 41/46 MP: 6/6
  1794 | D:3      | Found a faded altar of an unknown god.
  1892 | D:3      | Succumbed to a kobold's poison

Illustrated notes

Levels and vault maps discovered:
D:1:      ebering_hopf_link, layout_loops_ring, minmay_tree_intersection,
          minmay_pentomino_u4
D:2:      layout_basic, uniq_jessica, uniq_crazy_yiuf_cottage
D:3:      layout_basic, ebering_ghost_sewer_d,
          dreamdust_ecumenical_altar_drowned_temple

Skill      XL: |  1  2  3  4 |
---------------+-------------+-----
Axes           | 3 4 |  4.4
Invocations    | 1 |  1.7
Armour         | 4 |  4.2
Fighting       | |  3.9
Shields        | |  3.7

Action                     |  1- 3 |  4- 6 || total
---------------------------+-------+-------++-------
  Melee: War axe           |    89 |    30 ||   119
         Hand axe          |       |    16 ||    16
    Use: Scroll            |     5 |     1 ||     6
         Potion            |     1 |     1 ||     2
 Armour: Scale mail        |    75 |    36 ||   111
  Dodge: Dodged            |    36 |    25 ||    61
  Block: Buckler           |    18 |    24 ||    42

Table legend: (Time is in decaauts)
 A = Elapsed time spent in this place.
 B = Non-inter-level travel time spent in this place.
 C = Inter-level travel time spent in this place.
 D = Time resting spent in this place.
 E = Time spent auto-exploring this place.
 F = Levels seen in this place.
 G = Mean time per level.
                   A        B        C        D        E       F      G
               +--------+--------+--------+--------+--------+-----+--------+
         Total |   1952 |   1868 |     84 |    148 |   1387 |   3 |  650.7 |
       Dungeon |   1952 |   1868 |     84 |    148 |   1387 |   3 |  650.7 |
               +--------+--------+--------+--------+--------+-----+--------+

Top non-repeatable levels by time:
     D:2: 997 daAuts
     D:1: 794 daAuts
     D:3: 160 daAuts
